TOP OF THE 1ST |
Phoenix Roadrunners batting - Pitching for Seattle Pilots : LHP Rodell Jiu
|
Pitching: LHP Rodell Jiu
|
|
Batting: RHB Rick Anderson
|
0-0: Called Strike 0-1: Ball 1-1: Called Strike 1-2: Strikes out swinging
|
Batting: RHB Dalton Banks
|
0-0: Ball 1-0: Ball 2-0: Foul Ball, location: 2F 2-1: Ball 3-1: Called Strike 3-2: Foul Ball, location: 2F 3-2: Foul Ball, location: 2F 3-2: Base on Balls
|
Batting: RHB Harrison Jordan
|
0-0: Swinging Strike 0-1: Foul Ball, location: 2F 0-2: Ball 1-2: Strikes out swinging
|
Batting: RHB Scott McDonald
|
0-0: Called Strike 0-1: Foul Ball, location: 2F 0-2: Strikes out swinging
|
Top of the 1st over - 0 runs, 0 hits, 0 errors, 1 left on base; Phoenix 0 - Seattle 0 |
BOTTOM OF THE 1ST |
Seattle Pilots batting - Pitching for Phoenix Roadrunners : LHP Jakob Hilliard
|
Pitching: LHP Jakob Hilliard
|
|
Batting: LHB Emmanuel Thorn
|
0-0: Ball 1-0: DOUBLE (Line Drive, 9LM, EV 111.9 MPH)
|
Batting: RHB Trevor Master
|
0-0: Called Strike 0-1: Swinging Strike 0-2: Foul Ball, location: 2F 0-2: Ball 1-2: Strikes out swinging
|
Batting: RHB Allen Zuber
|
0-0: Called Strike 0-1: Foul Ball, location: 2F 0-2: Strikes out swinging
|
Batting: RHB Parker Lee
|
0-0: Ball 1-0: Foul Ball, location: 2F 1-1: Called Strike 1-2: Strikes out swinging
|
Bottom of the 1st over - 0 runs, 1 hit, 0 errors, 1 left on base; Phoenix 0 - Seattle 0 |
TOP OF THE 2ND |
Phoenix Roadrunners batting - Pitching for Seattle Pilots : LHP Rodell Jiu
|
Batting: LHB Dwight Bell
|
0-0: Ball 1-0: Ball 2-0: Swinging Strike 2-1: Ball 3-1: Foul Ball, location: 2F 3-2: SINGLE (Groundball, 34D, EV 106.2 MPH)
|
Batting: LHB Walter Lynch
|
0-0: Ball 1-0: Swinging Strike 1-1: Ball Dwight Bell steals 2nd base 2-1: Foul Ball, location: 2F 2-2: Strikes out looking
|
Batting: RHB Timon Angeles
|
0-0: Ball 1-0: Ground out U3 (Groundball, 34, EV 100.0 MPH) Dwight Bell to third
|
Batting: RHB Boone Gellings
|
0-0: Foul Ball, location: 2F 0-1: Swinging Strike 0-2: Strikes out swinging
|
Top of the 2nd over - 0 runs, 1 hit, 0 errors, 1 left on base; Phoenix 0 - Seattle 0 |
BOTTOM OF THE 2ND |
Seattle Pilots batting - Pitching for Phoenix Roadrunners : LHP Jakob Hilliard
|
Batting: LHB Ryan Carr
|
0-0: Called Strike 0-1: Foul Ball, location: 2F 0-2: Ball 1-2: Fly out, F7 (Flyball, 7, EV 86.2 MPH)
|
Batting: RHB Mitt Saginashvili
|
0-0: Ball 1-0: Ball 2-0: Ground out 5-3 (Groundball, 15, EV 86.9 MPH)
|
Batting: RHB Al Wagner
|
0-0: Called Strike 0-1: Called Strike 0-2: Strikes out swinging
|
Bottom of the 2nd over - 0 runs, 0 hits, 0 errors, 0 left on base; Phoenix 0 - Seattle 0 |
TOP OF THE 3RD |
Phoenix Roadrunners batting - Pitching for Seattle Pilots : LHP Rodell Jiu
|
Batting: RHB Blade Richards
|
0-0: Foul Ball, location: 2F 0-1: Ball 1-1: Called Strike 1-2: Foul Ball, location: 2F 1-2: Ball 2-2: Ball 3-2: Ground out 5-3 (Groundball, 5, EV 88.1 MPH)
|
Batting: RHB Rick Anderson
|
0-0: Ball 1-0: Called Strike 1-1: Ground out 4-3 (Groundball, 4, EV 103.8 MPH)
|
Batting: RHB Dalton Banks
|
0-0: Ball 1-0: Ball 2-0: Called Strike 2-1: Ball 3-1: Foul Ball, location: 2F 3-2: Base on Balls
|
Batting: RHB Harrison Jordan
|
0-0: Fly out, F3 (Popup, 3L, EV 56.9 MPH)
|
Top of the 3rd over - 0 runs, 0 hits, 0 errors, 1 left on base; Phoenix 0 - Seattle 0 |
BOTTOM OF THE 3RD |
Seattle Pilots batting - Pitching for Phoenix Roadrunners : LHP Jakob Hilliard
|
Batting: SHB Cody Janway
|
0-0: Ground out 6-3 (Groundball, 6M, EV 90.0 MPH)
|
Batting: RHB Douglas Morrison
|
0-0: Called Strike 0-1: Called Strike 0-2: Ball 1-2: Strikes out looking
|
Batting: LHB Emmanuel Thorn
|
0-0: Called Strike 0-1: Ball 1-1: Fly out, F4 (Popup, 4, EV 64.4 MPH)
|
Bottom of the 3rd over - 0 runs, 0 hits, 0 errors, 0 left on base; Phoenix 0 - Seattle 0 |
TOP OF THE 4TH |
Phoenix Roadrunners batting - Pitching for Seattle Pilots : LHP Rodell Jiu
|
Batting: RHB Scott McDonald
|
0-0: Foul Ball, location: 2F 0-1: Called Strike 0-2: Strikes out swinging
|
Batting: LHB Dwight Bell
|
0-0: Foul Ball, location: 2F 0-1: Ball 1-1: Swinging Strike 1-2: Ball 2-2: Fly out, F7 (Flyball, 7LS, EV 95.6 MPH)
|
Batting: LHB Walter Lynch
|
0-0: Ball 1-0: Ball 2-0: Called Strike 2-1: Ball 3-1: Base on Balls
|
Batting: RHB Timon Angeles
|
0-0: Ball 1-0: Foul Ball, location: 2F 1-1: Called Strike 1-2: Fielders Choice at 2nd, 6-4 (Groundball, 6, EV 85.6 MPH)
|
Top of the 4th over - 0 runs, 0 hits, 0 errors, 1 left on base; Phoenix 0 - Seattle 0 |
BOTTOM OF THE 4TH |
Seattle Pilots batting - Pitching for Phoenix Roadrunners : LHP Jakob Hilliard
|
Batting: RHB Trevor Master
|
0-0: Ball 1-0: Ball 2-0: Ball 3-0: Called Strike 3-1: Fly out, F7 (Flyball, 7LSF, EV 92.5 MPH)
|
Batting: RHB Allen Zuber
|
0-0: Called Strike 0-1: Ball 1-1: Ball 2-1: Ball 3-1: Base on Balls
|
Batting: RHB Parker Lee
|
0-0: Ball 1-0: Ball 2-0: Ball 3-0: Called Strike 3-1: Base on Balls Allen Zuber to second
|
Batting: LHB Ryan Carr
|
0-0: Called Strike 0-1: Foul Ball, location: 2F 0-2: Ball 1-2: Ball 2-2: Strikes out swinging
|
Batting: RHB Mitt Saginashvili
|
0-0: Called Strike 0-1: Ball 1-1: Called Strike 1-2: Ball 2-2: Foul Ball, location: 2F 2-2: Ground out 4-3 (Groundball, 4, EV 78.8 MPH)
|
Bottom of the 4th over - 0 runs, 0 hits, 0 errors, 2 left on base; Phoenix 0 - Seattle 0 |
TOP OF THE 5TH |
Phoenix Roadrunners batting - Pitching for Seattle Pilots : LHP Rodell Jiu
|
Batting: RHB Boone Gellings
|
0-0: Called Strike 0-1: Called Strike 0-2: Foul Ball, location: 2F 0-2: Foul Ball, location: 2F 0-2: Ball 1-2: Strikes out swinging
|
Batting: RHB Blade Richards
|
0-0: Ball 1-0: Foul Ball, location: 2F 1-1: Ball 2-1: Called Strike 2-2: Strikes out swinging
|
Batting: RHB Rick Anderson
|
0-0: Ball 1-0: Foul Ball, location: 2F 1-1: Ball 2-1: Ground out 4-3 (Groundball, 4, EV 81.9 MPH)
|
Top of the 5th over - 0 runs, 0 hits, 0 errors, 0 left on base; Phoenix 0 - Seattle 0 |
BOTTOM OF THE 5TH |
Seattle Pilots batting - Pitching for Phoenix Roadrunners : LHP Jakob Hilliard
|
Batting: RHB Al Wagner
|
0-0: Fly out, F8 (Line Drive, 8LM, EV 106.9 MPH)
|
Batting: SHB Cody Janway
|
0-0: Ball 1-0: Swinging Strike 1-1: Swinging Strike 1-2: Foul Ball, location: 2F 1-2: Ball 2-2: Strikes out swinging
|
Batting: RHB Douglas Morrison
|
0-0: Ball 1-0: Ball 2-0: Called Strike 2-1: Ball 3-1: Base on Balls
|
Batting: LHB Emmanuel Thorn
|
0-0: Ball 1-0: Ball 2-0: Called Strike 2-1: Swinging Strike 2-2: Strikes out swinging
|
Bottom of the 5th over - 0 runs, 0 hits, 0 errors, 1 left on base; Phoenix 0 - Seattle 0 |
TOP OF THE 6TH |
Phoenix Roadrunners batting - Pitching for Seattle Pilots : LHP Rodell Jiu
|
Batting: RHB Dalton Banks
|
0-0: Swinging Strike 0-1: Foul Ball, location: 2F 0-2: Foul Ball, location: 2F 0-2: Strikes out swinging
|
Pitching: LHP Norton DeLoach
|
|
Batting: RHB Harrison Jordan
|
0-0: Fly out, F9 (Flyball, 9S, EV 82.5 MPH)
|
Batting: RHB Scott McDonald
|
0-0: Ball 1-0: Ball 2-0: Ball 3-0: Base on Balls
|
Batting: LHB Dwight Bell
|
0-0: Ball 1-0: Ball 2-0: Foul Ball, location: 2F 2-1: Swinging Strike 2-2: Foul Ball, location: 2F 2-2: Strikes out swinging
|
Top of the 6th over - 0 runs, 0 hits, 0 errors, 1 left on base; Phoenix 0 - Seattle 0 |
BOTTOM OF THE 6TH |
Seattle Pilots batting - Pitching for Phoenix Roadrunners : LHP Jakob Hilliard
|
Batting: RHB Trevor Master
|
0-0: Foul Ball, location: 2F 0-1: Called Strike 0-2: Fly out, F4 (Line Drive, 4, EV 70.6 MPH)
|
Batting: RHB Allen Zuber
|
0-0: Foul Ball, location: 2F 0-1: Fly out, F3 (Popup, 3F, EV 78.1 MPH)
|
Batting: RHB Parker Lee
|
0-0: Called Strike 0-1: Ball 1-1: Ball 2-1: Ball 3-1: Base on Balls
|
Batting: LHB Ryan Carr
|
0-0: Fly out, F7 (Flyball, 78S, EV 86.2 MPH)
|
Bottom of the 6th over - 0 runs, 0 hits, 0 errors, 1 left on base; Phoenix 0 - Seattle 0 |
TOP OF THE 7TH |
Phoenix Roadrunners batting - Pitching for Seattle Pilots : LHP Norton DeLoach
|
Batting: LHB Walter Lynch
|
0-0: Called Strike 0-1: Ball 1-1: Called Strike 1-2: Ground out 6-3 (Groundball, 6M, EV 85.0 MPH)
|
Batting: RHB Timon Angeles
|
0-0: Called Strike 0-1: Ball 1-1: Foul Ball, location: 2F 1-2: Strikes out looking
|
Batting: RHB Boone Gellings
|
0-0: DOUBLE (Line Drive, 9LM, EV 113.8 MPH)
|
Batting: RHB Blade Richards
|
0-0: Ball 1-0: Called Strike 1-1: Foul Ball, location: 2F 1-2: Ball 2-2: Foul Ball, location: 2F 2-2: Fly out, F7 (Flyball, 7D, EV 98.1 MPH)
|
Top of the 7th over - 0 runs, 1 hit, 0 errors, 1 left on base; Phoenix 0 - Seattle 0 |
BOTTOM OF THE 7TH |
Seattle Pilots batting - Pitching for Phoenix Roadrunners : LHP Jakob Hilliard
|
Batting: RHB Mitt Saginashvili
|
0-0: Ball 1-0: Swinging Strike 1-1: Ball 2-1: Fly out, F9 (Flyball, 89D, EV 110.6 MPH)
|
Batting: RHB Al Wagner
|
0-0: Called Strike 0-1: Called Strike 0-2: Ball 1-2: Foul Ball, location: 2F 1-2: DOUBLE (Line Drive, 89XD, EV 109.4 MPH)
|
Batting: SHB Cody Janway
|
0-0: Called Strike 0-1: Ball 1-1: Swinging Strike 1-2: Strikes out swinging
|
Batting: RHB Douglas Morrison
|
0-0: Ball 1-0: Swinging Strike 1-1: Called Strike 1-2: Ball 2-2: Ball 3-2: Fly out, F7 (Flyball, 7, EV 94.4 MPH)
|
Bottom of the 7th over - 0 runs, 1 hit, 0 errors, 1 left on base; Phoenix 0 - Seattle 0 |
TOP OF THE 8TH |
Phoenix Roadrunners batting - Pitching for Seattle Pilots : LHP Norton DeLoach
|
Batting: RHB Rick Anderson
|
0-0: Called Strike 0-1: Fly out, F8 (Flyball, 89M, EV 89.4 MPH)
|
Batting: RHB Dalton Banks
|
0-0: Ball 1-0: Swinging Strike 1-1: Ball 2-1: Foul Ball, location: 2F 2-2: Fly out, F9 (Flyball, 89S, EV 91.2 MPH)
|
Batting: RHB Harrison Jordan
|
0-0: Ground out 5-3 (Groundball, 56S, EV 84.4 MPH)
|
Top of the 8th over - 0 runs, 0 hits, 0 errors, 0 left on base; Phoenix 0 - Seattle 0 |
BOTTOM OF THE 8TH |
Seattle Pilots batting - Pitching for Phoenix Roadrunners : LHP Jakob Hilliard
|
Pitching: LHP Keegan Groves
|
|
Batting: LHB Emmanuel Thorn
|
0-0: Ball 1-0: Foul Ball, location: 2F 1-1: Ball 2-1: Ball 3-1: Base on Balls
|
Batting: RHB Trevor Master
|
0-0: Ball 1-0: Sac Bunt to 25 - play at first, batter OUT! 5-3 Emmanuel Thorn to second
|
Batting: RHB Allen Zuber
|
0-0: Called Strike 0-1: Ball 1-1: Ball 2-1: Called Strike 2-2: Foul Ball, location: 2F 2-2: Fly out, F9 (Flyball, 89D, EV 95.0 MPH)
|
Batting: RHB Parker Lee
|
0-0: Ball 1-0: Ball 2-0: Ball 3-0: Base on Balls
|
Batting: LHB Ryan Carr
|
0-0: Ball 1-0: Called Strike 1-1: Swinging Strike 1-2: Strikes out swinging
|
Bottom of the 8th over - 0 runs, 0 hits, 0 errors, 2 left on base; Phoenix 0 - Seattle 0 |
TOP OF THE 9TH |
Phoenix Roadrunners batting - Pitching for Seattle Pilots : LHP Norton DeLoach
|
Pitching: RHP Nic McClelland
|
|
Pinch Hitting: LHB Vinnie Ballew
|
0-0: Called Strike 0-1: Called Strike 0-2: Ball 1-2: Strikes out swinging
|
Batting: LHB Dwight Bell
|
0-0: Fly out, F8 (Flyball, 78XD, EV 92.5 MPH)
|
Batting: LHB Walter Lynch
|
0-0: Called Strike 0-1: Ball 1-1: Ball 2-1: Called Strike 2-2: Strikes out swinging
|
Top of the 9th over - 0 runs, 0 hits, 0 errors, 0 left on base; Phoenix 0 - Seattle 0 |
BOTTOM OF THE 9TH |
Seattle Pilots batting - Pitching for Phoenix Roadrunners : LHP Keegan Groves
|
Now at 1B: Dwight Bell
|
|
Now in RF: Vinnie Ballew
|
|
Batting: RHB Mitt Saginashvili
|
0-0: Ball 1-0: Ball 2-0: Called Strike 2-1: SOLO HOME RUN (Flyball, 7D, EV 96.2 MPH), Distance : 371 ft
|
Bottom of the 9th over - 1 run, 1 hit, 0 errors, 0 left on base; Phoenix 0 - Seattle 1 |
|